 Dungeon Crawl Stone Soup version 0.20.0-8-g6b59dc7 (webtiles) character file.

259 Monsterracer the Conjurer (level 5, -2/28 HPs)
             Began as a Deep Elf Conjurer on May 30, 2017.
             Slain by an ice beast (4 damage)
             ... in the Ecumenical Temple.
             The game lasted 00:10:31 (4222 turns).

Monsterracer the Conjurer (Deep Elf Conjurer)       Turns: 4222, Time: 00:10:32

Health: -2/28      AC:  4    Str:  5    XL:     5   Next: 94%
Magic:  6/14       EV: 13    Int: 21    God:
Gold:   222        SH:  0    Dex: 15    Spells: 3/14 levels left

rFire    . . .     SeeInvis .   t - +0 falchion
rCold    . . .     Gourm    .   (no shield)
rNeg     . . .     Faith    .   a - +0 robe
rPois    .         Spirit   .   o - +0 helmet
rElec    .         Reflect  .   (no cloak)
rCorr    +         Harm     .   f - +0 pair of gloves
MR       .....                  (no boots)
Stlth    ++........             e - amulet of magic regeneration
Regen    0.1/turn               p - ring of resist corrosion
MPRegen  0.3/turn               (no ring)

@: no status effects
A: no striking features
a: no special abilities


You were in the Ecumenical Temple.
You were hungry.

You visited 2 branches of the dungeon, and saw 7 of its levels.
You also visited: Sewer.

You collected 222 gold pieces.

Inventory:

Hand Weapons
 t - a +0 falchion (weapon)
Armour
 a - a +0 robe (worn)
 f - a +0 pair of gloves (worn)
 o - a +0 helmet (worn)
Jewellery
 e - an amulet of magic regeneration (around neck)
 p - a ring of resist corrosion (left hand)
Scrolls
 d - 2 scrolls of teleportation {unknown}
 k - a scroll of amnesia
 l - a scroll of magic mapping
 q - 2 scrolls of recharging
Books
 b - a book of Conjurations

   Spells                             Type                      Level
   a - Magic Dart                     Conjuration                  1
   b - Searing Ray                    Conjuration                  2
   c - Dazzling Spray                 Conjuration/Hexes            3
   d - Fulminant Prism                Conjuration/Hexes            4
   e - Force Lance                    Conjuration/Translocation    4
   f - Iskenderun's Mystic Blast      Conjuration                  4
Comestibles
 c - 3 bread rations
 g - a fruit
 h - 2 royal jellies
 i - 2 meat rations


   Skills:
 - Level 2.4 Dodging
 - Level 2.4 Stealth
 + Level 5.4 Spellcasting
 * Level 6.8 Conjurations
 + Level 1.1 Hexes


You had 3 spell levels left.
You knew the following spells:

 Your Spells              Type           Power        Failure   Level  Hunger
a - Magic Dart            Conj           ####         1%          1    None
b - Searing Ray           Conj           ####..       1%          2    None
c - Fulminant Prism       Conj/Hex       ###.......   21%         4    ####...
d - Iskenderun's Mystic   Conj           ####....     6%          4    ####...


Dungeon Overview and Level Annotations

Branches:
Dungeon (6/15)             Temple (1/1) D:6

Altars:
Dithmenos
Elyvilon
Hepliaklqana
Kikubaaqudgha
Okawaru
Ru
Sif Muna
Trog
Vehumet
Xom
Yredelemnul
Zin


Message History

You are feeling hungry.
Casting: Iskenderun's Mystic Blast
Confirm with . or Enter, or press ? or * to list all spells.
Aiming: Searing Ray
Press: ? - help, Shift-Dir - straight line, f/p - ice beast
Aim: an ice beast (lightly wounded)
The searing ray hits the ice beast.
The ice beast is lightly wounded. (Press . to maintain the ray.)
The ice beast barely misses you.
The searing ray misses the ice beast.
The ice beast hits you but does no damage.
The searing ray hits the ice beast.
The ice beast is moderately wounded.
The ice beast hits you. The ice beast freezes you!
* * * LOW HITPOINT WARNING * * *
The searing ray hits the ice beast.
The ice beast is heavily wounded.
You finish channeling your searing ray.
The ice beast hits you.
You die...

_.................
...................
........._.........
...................
..._..........._...
≈§§...............≈
≈§...............≈≈
≈§§........Y....≈§§
§§≈≈§§_....@_..≈≈≈§
§§≈§§§........≈≈≈§§
§§§§§≈.......§≈≈§≈§
§≈§§≈≈≈.._.§≈≈§≈≈§§
≈≈≈≈≈§≈...§≈§≈≈≈§§
≈≈≈≈§.≈≈§§≈≈≈≈§
≈≈≈≈§≈§≈§§≈≈≈≈§
≈≈§≈§≈§§§§§§≈≈≈


You could see an ice beast.

Vanquished Creatures
  A hound (D:3)
  An orc wizard (D:3)
  A worker ant (D:4)
  7 adders
  An ooze (D:3)
  A worm (D:2)
  13 leopard geckos
  6 orcs
  4 ball pythons
  6 giant cockroaches
  4 goblins
  11 hobgoblins
  6 kobolds
  2 quokkas
  6 bats
  13 frilled lizards
  10 rats
93 creatures vanquished.

Vanquished Creatures (others)
  2 fulminant prisms
2 creatures vanquished.

Grand Total: 95 creatures vanquished

Notes
Turn   | Place    | Note
-------+----------+-------------------------------------------
     0 | D:1      | Monsterracer the Deep Elf Conjurer began the quest for the Orb.
     0 | D:1      | Reached XP level 1. HP: 10/10 MP: 6/6
   209 | D:1      | Reached XP level 2. HP: 13/15 MP: 6/8
   460 | D:1      | Learned a level 2 spell: Searing Ray
   935 | D:1      | Reached skill level 5 in Conjurations
   963 | D:1      | Reached XP level 3. HP: 19/19 MP: 7/10
  1447 | D:2      | Reached XP level 4. HP: 24/24 MP: 6/12
  1780 | D:2      | Learned a level 4 spell: Fulminant Prism
  1785 | D:2      | Learned a level 4 spell: Iskenderun's Mystic Blast
  2279 | D:3      | Reached skill level 6 in Conjurations
  2550 | D:3      | Reached XP level 5. HP: 28/28 MP: 9/14
  2778 | D:3      | Found a glowing drain.
  2812 | Sewer    | Entered a sewer
  2845 | Sewer    | Reached skill level 5 in Spellcasting
  3666 | D:3      | Reached skill level 1 in Hexes
  4026 | D:4      | Learned a level 4 spell: Fulminant Prism
  4145 | D:5      | Entered Level 5 of the Dungeon
  4199 | D:6      | Found a staircase to the Ecumenical Temple.
  4199 | D:6      | Noticed an ice beast
  4205 | Temple   | Entered the Ecumenical Temple
  4222 | Temple   | Slain by an ice beast

Skill      XL: |  1  2  3  4  5 |
---------------+----------------+-----
Spellcasting   | 4 5 |  5.4
Conjurations   | 5 6 |  6.8
Hexes          | 1 |  1.1
Dodging        | |  2.4
Stealth        | |  2.4

Action                   |  1- 3 |  4- 6 || total
-------------------------+-------+-------++-------
Melee: Dagger            |    11 |       ||    11
       Short sword       |       |    17 ||    17
       Falchion          |       |     3 ||     3
 Cast: Magic Dart        |    70 |    84 ||   154
       Searing Ray       |     3 |     6 ||     9
       Fulminant Prism   |       |     2 ||     2
       Iskenderun's Myst |       |     1 ||     1
  Use: Potion            |     2 |     6 ||     8
       Scroll            |       |     8 ||     8
 Stab: Sleeping          |       |     1 ||     1
  Eat: Chunk             |     1 |     9 ||    10
Armor: Robe              |     2 |     7 ||     9
Dodge: Dodged            |     7 |    34 ||    41
       Rpst.: Falchion   |       |     4 ||     4
